 Dungeon Crawl Stone Soup version 0.29.1-13-g9f3cf754e1 (webtiles) character file.

Game seed: 5110816455482065999

459 croobank the Caller (level 6, -4/50 HPs)
             Began as a Demigod Summoner on Feb 9, 2023.
             Engulfed by their own flame (18 damage)
             ... on level 5 of the Dungeon.
             The game lasted 00:11:02 (3779 turns).

croobank the Caller (Demigod Summoner)              Turns: 3779, Time: 00:11:03

Health: -4/50      AC:  6    Str: 19    XL:     6   Next: 48%
Magic:  4/13       EV: 12    Int: 31    God:
Gold:   271        SH:  0    Dex: 14    Spells: 2/11 levels left

rFire   . . .      SeeInvis .   m - +0 quarterstaff
rCold   + . .      Faith    .   (shield currently unavailable)
rNeg    + + .      Spirit   .   c - +1 ring mail of the Dolphin {-Tele rN++ Regen+ Str+3}
rPois   .          Reflect  .   (no helmet)
rElec   .          Harm     .   (no cloak)
rCorr   .          Rampage  .   (no gloves)
Will    +....      NoTele   +   (no boots)
Stlth   ++........              (no amulet)
HPRegen 0.96/turn               d - ring of the Sky {rC+ Will+ Str+7}
MPRegen 0.13/turn               v - +6 ring of intelligence

@: no status effects
A: high MP 1, forlorn, divine attributes
a: no special abilities


You were on level 5 of the Dungeon.
You visited 1 branch of the dungeon, and saw 5 of its levels.

You collected 271 gold pieces.

Inventory:

Hand Weapons
 g - a +0 short sword
 m - a +0 quarterstaff (weapon)
 r - a +0 hand axe
 x - a +2 vampiric dagger
Missiles
 e - 6 poisoned darts
 j - 3 boomerangs
Armour
 a - a +0 robe
 c - the +1 ring mail of the Dolphin (worn) {-Tele rN++ Regen+ Str+3}
   (You acquired it on level 2 of the Dungeon)

   Str:       It affects your strength (+3).
   rN:        It greatly protects you from negative energy.
   -Tele:     It prevents most forms of teleportation.
   Regen:     It increases your rate of health regeneration.
 A - a +0 chain mail of poison resistance
Jewellery
 d - the ring of the Sky (left hand) {rC+ Will+ Str+7}
   (You acquired it on level 3 of the Dungeon)

   [ring of protection from cold]

   Str:       It affects your strength (+7).
   rC:        It protects you from cold.
   Will:      It increases your willpower.
 i - a ring of ice
 q - a ring of willpower
 v - a +6 ring of intelligence (right hand)
Wands
 s - a wand of paralysis (6)
 B - a wand of polymorph (12)
Scrolls
 k - 2 scrolls of summoning {unknown}
 l - 3 scrolls of amnesia
 o - 2 scrolls of enchant weapon {unknown}
 p - 3 scrolls of magic mapping {unknown}
 u - a scroll of poison {unknown}
 y - 2 scrolls of teleportation {unknown}
Potions
 b - a potion of magic
 f - 2 potions of mutation
 h - a potion of might
 n - a potion of brilliance
 t - a potion of curing
 w - a potion of flight {unknown}
 z - a potion of heal wounds {unknown}
 C - 2 potions of ambrosia {unknown}


   Skills:
 + Level 2.5 Fighting
 + Level 3.3 Dodging
 + Level 3.6 Stealth
 + Level 3.1 Spellcasting
 + Level 4.6 Summonings


You had 2 spell levels left.
You knew the following spells:

 Your Spells              Type           Power      Damage    Failure   Level
a - Summon Small Mammal   Summ           100%       N/A       1%          1
b - Call Imp              Summ           33%        N/A       2%          2
c - Call Canine Familiar  Summ           33%        N/A       4%          3
d - Summon Guardian Gole  Hex/Summ       19%        N/A       13%         3

Your spell library contained the following spells:

 Spells                   Type           Power      Damage    Failure   Level
 Shock                    Conj/Air       16%        1d4       12%         1
 Slow                     Hex            16%        N/A       12%         1
 Confusing Touch          Hex            4%         N/A       34%         3
 Swiftness                Air            4%         N/A       34%         3
 Vampiric Draining        Necr           4%         2d6       34%         3
 Summon Lightning Spire   Summ/Air       19%        N/A       41%         4
 Airstrike                Air            2%         2d(1-17)  75%         4
 Malign Gateway           Summ/Tloc      9%         N/A       100%        7
 Summon Horrible Things   Summ           16%        N/A       100%        8


Dungeon Overview and Level Annotations

Branches:
Dungeon (5/15)
 Temple: D:4-7

Annotations:
D:5 Duvessa


Innate Abilities, Weirdness & Mutations

You have an increased reservoir of magic. (+10% MP)
You shall have no god before yourself.
Your divine heritage dramatically boosts your attributes as you level up.


Message History

Duvessa barely misses your guardian golem.
Dowan casts a spell at you. The puff of frost hits you. You resist.
Your hound misses Dowan.
Your quokka bites Dowan but does no damage.
You barely miss Dowan.
Dowan is severely wounded.
Your hound barely misses Dowan.
Duvessa hits your guardian golem with a +0 rapier.
Flame seeps out of your guardian golem. Dowan hits you with a +0 dagger.
Your quokka closely misses Dowan.
Your hound bites Dowan but does no damage.
Dowan barely misses you.
Your guardian golem is engulfed in blazing flames.
Flame seeps out of your guardian golem.
Duvessa hits your guardian golem with a +0 rapier!
Your guardian golem disappears in a puff of smoke!
Your guardian golem explodes!
The fiery explosion engulfs your hound!!!
Your hound dies!
Your hound's corpse disappears in a puff of smoke!
The fiery explosion engulfs you!!
The fiery explosion engulfs Dowan!!
Dowan dies!
Duvessa screams, "No!
How DARE you!"
Duvessa goes berserk!
The fiery explosion engulfs your quokka!!!
Your quokka dies!
Your quokka's corpse disappears in a puff of smoke!
The fiery explosion engulfs Duvessa!
You are engulfed in blazing flames.
* * * LOW HITPOINT WARNING * * *
Duvessa is engulfed in blazing flames.
Things that are here:
a +0 dagger; a +2 robe of willpower
Okay, then.
Okay, then.
Okay, then.
Unknown command.
Okay, then.
It was a potion of curing.
You feel better.
You are engulfed in blazing flames.
You die...

.# #.#.#.#
. .......
.#.#.#.#.
.........
#........
#........
#§§§....#
#@e.....#
+§§5....#
#.r.....#
.....#+##
......#
#......#
##......#
##.......#
##...###+##


You could see Duvessa (berserk, ally target), a friendly crimson imp (summoned)
and a friendly quokka (summoned).

Vanquished Creatures
  Grinder (D:3)
  An iguana (D:4)
  2 worms (D:3)
  A dart slug (D:1)
  4 endoplasms
  4 giant cockroaches (D:1)
  2 goblins (D:1)
  A kobold (D:1)
  A quokka (D:2)
  4 bats
  2 frilled lizards
23 creatures vanquished.

Vanquished Creatures (collateral kills)
  4 adders
  2 worms
  3 dart slugs
  4 ball pythons
  2 endoplasms
  A giant cockroach (D:1)
  5 goblins
  2 hobgoblins
  4 jackals (D:2)
  A quokka (D:1)
  A bat (D:1)
  A frilled lizard (D:3)
  5 kobolds
  4 rats
39 creatures vanquished.

Vanquished Creatures (others)
  An ogre (D:4)
  Dowan (D:5)
  A kobold (D:4)
3 creatures vanquished.

Grand Total: 65 creatures vanquished

Notes
Turn   | Place    | Note
-------+----------+-------------------------------------------
     0 | D:1      | croobank the Demigod Summoner began the quest for the Orb.
     0 | D:1      | Reached XP level 1. HP: 14/14 MP: 5/5
   402 | D:1      | Reached XP level 2. HP: 18/20 MP: 7/7
   485 | D:1      | Learned a level 2 spell: Call Imp
  1310 | D:2      | Reached XP level 3. HP: 22/27 MP: 3/8
  1354 | D:2      | Learned a level 3 spell: Call Canine Familiar
  1505 | D:2      | Reached skill level 1 in Fighting
  1742 | D:2      | Reached skill level 4 in Summonings
  2022 | D:2      | Identified 2 scrolls of acquirement
  2022 | D:2      | Acquired the +1 ring mail of the Dolphin {-Tele rN++ Regen+
                  | Str+3}
  2255 | D:3      | Reached XP level 4. HP: 21/35 MP: 2/10
  2909 | D:3      | Noticed Grinder
  2911 | D:3      | Acquired the ring of the Sky {rC+ Will+ Str+7}
  2929 | D:3      | Paralysed by Grinder for 4 turns
  2935 | D:3      | Killed Grinder
  2936 | D:3      | Reached XP level 5. HP: 24/41 MP: 6/12
  3203 | D:4      | Learned a level 3 spell: Summon Guardian Golem
  3221 | D:4      | Reached XP level 6. HP: 48/48 MP: 4/13
  3768 | D:5      | Entered Level 5 of the Dungeon
  3768 | D:5      | Noticed Duvessa
  3768 | D:5      | Noticed Dowan
  3777 | D:5      | Killed Dowan
  3779 | D:5      | Engulfed by their own flame

Illustrated notes

Levels and vault maps discovered:
D:1:      nzn_arrival_settlement, layout_loops_cross
D:2:      layout_rooms, hellmonk_ecumenical_altar_the_god_not_taken,
          minmay_tetromino_l4
D:3:      layout_loops_ring, nicolae_ru_awakened_eye, lemuel_crystal_altar,
          dreamdust_wishing_well, uniq_grinder
D:4:      layout_cave_pools
D:5:      layout_gridville, fedhas_bush_and_centaur_altar,
          mainiacjoe_overflow_brackets, hellmonk_ghost_happy_afterlife,
          minmay_misc_feat_doors, minmay_misc_feat_pillars,
          chequers_serial_rivers_small_b, uniq_duvessa

Skill      XL: |  1  2  3  4  5  6 |
---------------+-------------------+-----
Stealth        | 2 3 |  3.6
Dodging        | 2 3 |  3.3
Spellcasting   | 2 3 |  3.1
Fighting       | 1 2 |  2.5
Summonings     | 4 |  4.6

Action                   |  1- 3 |  4- 6 || total
-------------------------+-------+-------++-------
Melee: Dagger            |    41 |       ||    41
       Punch             |     1 |       ||     1
       Quarterstaff      |    14 |    18 ||    32
 Cast: Summon Small Mamm |    38 |    17 ||    55
       Call Imp          |     7 |     4 ||    11
       Call Canine Famil |     5 |     5 ||    10
       Summon Guardian G |       |     4 ||     4
  Use: Scroll            |     6 |     1 ||     7
       Potion            |       |     1 ||     1
 Stab: Sleeping          |     6 |     1 ||     7
       Distracted        |     1 |       ||     1
Armor: Robe              |    12 |       ||    12
       Ring mail         |     6 |     3 ||     9
Dodge: Dodged            |    64 |    10 ||    74
